 Dungeon Crawl Stone Soup version 0.21.1-1-g345015f (webtiles) character file.

142 Kagorn the Slasher (level 5, 0/49 HPs)
             Began as a Naga Berserker on June 4, 2018.
             Was a Believer of Trog.
             Slain by emiel's ghost (11 damage)
             ... on level 3 of the Dungeon.
             The game lasted 00:21:15 (2250 turns).

Kagorn the Slasher (Naga Berserker)                 Turns: 2250, Time: 00:21:16

Health: 0/49       AC:  3    Str: 19    XL:     5   Next: 24%
Magic:  5/5        EV: 10    Int:  7    God:    Trog [**....]
Gold:   107        SH:  0    Dex: 12    Spells: 4/4 levels left

rFire    . . .     SeeInvis +   a - +0 falchion
rCold    + . .     Gourm    .   (no shield)
rNeg     . . .     Faith    .   d - +0 leather armour
rPois    +         Spirit   .   (no helmet)
rElec    .         Reflect  .   (no cloak)
rCorr    .         Harm     .   (no gloves)
MR       ++...                  (no barding)
Stlth    ++........             (no amulet)
HPRegen  1.16/turn              g - ring of protection from cold
MPRegen  0.09/turn              (no ring)

@: berserk cooldown, regenerating, slowed, very slow
A: large, see invisible, deformed body, poison resistance, slowness 2, slow
metabolism 1, spit poison 1, AC +1
a: Spit Poison, Berserk, Trog's Hand, Burn Spellbooks, Renounce Religion


You were on level 3 of the Dungeon.
You worshipped Trog.
Trog was pleased with you.
You were hungry.

You visited 1 branch of the dungeon, and saw 3 of its levels.

You collected 107 gold pieces.

Inventory:

Hand Weapons
 a - a +0 falchion (weapon)
Armour
 d - a +0 leather armour (worn)
Jewellery
 g - a ring of protection from cold (left hand)
Scrolls
 e - 2 scrolls of teleportation
 i - a scroll of remove curse
 j - 3 scrolls of identify
 k - a scroll of enchant weapon {unknown}
Potions
 b - a potion of might {unknown}
 f - a potion of heal wounds
 h - a potion of haste
Books
 m - a book of Changes

   Spells                             Type                      Level
   a - Beastly Appendage              Transmutation                1
   b - Sticks to Snakes               Transmutation                2
   c - Spider Form                    Transmutation/Poison         3
   d - Ice Form                       Ice/Transmutation            4
   e - Blade Hands                    Transmutation                5
   Trog disapproves of the use of such an item.
Comestibles
 c - 3 rations


   Skills:
 + Level 3.6 Fighting
 + Level 4.1 Long Blades
 + Level 2.1 Armour
 + Level 2.1 Dodging
 * Level 3.0 Stealth


You had 4 spell levels left.
You didn't know any spells.

Dungeon Overview and Level Annotations

Branches:
Dungeon (3/15)

Altars:

Annotations:
D:3 emiel's ghost, amateur FoWn


Innate Abilities, Weirdness & Mutations

You cannot wear boots.
Your serpentine skin is tough. (AC +1)
You have supernaturally acute eyesight. (SInv)
Armour fits poorly on your strangely shaped body.
Your system is resistant to poisons. (rPois)
You cover ground very slowly.
You have a slow metabolism.
You can spit poison.


Message History

Emiel's ghost is almost destroyed.
Emiel's ghost hits you.
* * * LOW HITPOINT WARNING * * *
You hit emiel's ghost but do no damage.
Emiel's ghost is almost destroyed.
Emiel's ghost hits you but does no damage.
You barely miss emiel's ghost.
Emiel's ghost is almost destroyed.
You are no longer berserk.
You are exhausted.
You feel yourself slow down. Emiel's ghost closely misses you.
Your skin crawls.
You feel resistant to hostile enchantments.
You are feeling hungry.
Emiel's ghost hits you.
* * * LOW HITPOINT WARNING * * *
You barely miss emiel's ghost.
Emiel's ghost is almost destroyed.
Emiel's ghost hits you!
You die...

####.#...
####.#.#########
................
####.#.#.####### .
...#..........
########.#######
.......).#
######################(#
........).......@W......
######################.#
######## #......#
#......# .......#
.......# .......#


You could see emiel's ghost.

Vanquished Creatures
  A hound (D:3)
  5 adders
  A worm (D:2)
  3 dart slugs
  A leopard gecko (D:2)
  3 giant cockroaches
  7 goblins
  4 hobgoblins
  7 jackals
  2 quokkas
  A ball python (D:1)
  5 bats
  A frilled lizard (D:1)
  11 kobolds
  7 rats
59 creatures vanquished.

Notes
Turn   | Place    | Note
-------+----------+-------------------------------------------
     0 | D:1      | Kagorn the Naga Berserker began the quest for the Orb.
     0 | D:1      | Reached XP level 1. HP: 21/21 MP: 1/1
   183 | D:1      | Reached skill level 1 in Stealth
   183 | D:1      | Reached XP level 2. HP: 19/28 MP: 2/2
   635 | D:1      | Reached XP level 3. HP: 33/34 MP: 3/3
  1201 | D:2      | Reached ** piety under Trog
  1322 | D:2      | Reached XP level 4. HP: 34/42 MP: 4/4
  1973 | D:3      | Reached skill level 4 in Long Blades
  1973 | D:3      | Reached XP level 5. HP: 38/49 MP: 5/5
  2227 | D:3      | Noticed emiel's ghost (amateur FoWn)
  2250 | D:3      | Slain by emiel's ghost

Skill      XL: |  1  2  3  4  5 |
---------------+----------------+-----
Stealth        | 1 2 3 |  3.0
Armour         | 2 |  2.1
Dodging        | 2 |  2.1
Long Blades    | 4 |  4.1
Fighting       | |  3.6

Action                   |  1- 3 |  4- 6 || total
-------------------------+-------+-------++-------
Melee: Falchion          |   100 |    94 ||   194
Invok: Berserk           |     3 |     1 ||     4
       Trog's Hand       |     1 |     2 ||     3
 Abil: Spit Poison       |     1 |       ||     1
  Use: Scroll            |       |     4 ||     4
       Potion            |       |     3 ||     3
 Stab: Sleeping          |       |     3 ||     3
  Eat: Ration            |     1 |     1 ||     2
       Chunk             |       |     1 ||     1
Armor: Leather armour    |    33 |    27 ||    60
Dodge: Dodged            |    70 |    65 ||   135
       Rpst.: Falchion   |    28 |    23 ||    51
